 Dungeon Crawl Stone Soup version 0.28.0 (webtiles) character file.

Game seed: 8905492041680006734

150 zeram the Sneak (level 5, 0/24 HPs)
             Began as a Spriggan Enchanter on Feb 9, 2022.
             Frozen to death by an endoplasm (3 damage)
             ... in a sewer.
             The game lasted 00:07:14 (3606 turns).

zeram the Sneak (Spriggan Enchanter)                Turns: 3606, Time: 00:07:16

Health: 0/24       AC:  9    Str:  4    XL:     5   Next: 10%
Magic:  10/10      EV: 18    Int: 25    God:
Gold:   75         SH:  0    Dex: 15    Spells: 1/9 levels left

rFire   . . .      SeeInvis +   g - +1 dagger (protect)
rCold   . . .      Faith    .   (no shield)
rNeg    . . .      Spirit   .   b - +0 robe
rPois   .          Reflect  .   (helmet restricted)
rElec   .          Harm     .   (no cloak)
rCorr   .          Rampage  .   (gloves unavailable)
Will    .....                   (boots unavailable)
Stlth   +++.......              (no amulet)
HPRegen 0.08/turn               f - +6 ring of intelligence
MPRegen 0.12/turn               (no ring)

@: under a protective aura, very quick
A: very small, no large weapons, unfitting armour, see invisible, speed 3
a: no special abilities


You were in a sewer.
You visited 1 branch of the dungeon, and saw 3 of its levels.
You also visited: Sewer.

You collected 75 gold pieces.

Inventory:

Hand Weapons
 a - a +1 dagger
 g - a +1 dagger of protection (weapon)
Armour
 b - a +0 robe (worn)
Jewellery
 f - a +6 ring of intelligence (left hand)
Scrolls
 e - a scroll of immolation
 i - a scroll of teleportation


   Skills:
 + Level 3.1 Short Blades
 + Level 3.9 Dodging
 + Level 6.4 Stealth
 + Level 2.9 Spellcasting
 + Level 4.0 Hexes


You had one spell level left.
You knew the following spells:

 Your Spells              Type           Power      Damage    Failure   Level
a - Ensorcelled Hibernat  Hex/Ice        26%        N/A       7%          2
b - Tukima's Dance        Hex            24%        N/A       6%          3
c - Dazzling Flash        Conj/Hex       26%        N/A       13%         3

Your spell library contained the following spells:

 Spells                   Type           Power      Damage    Failure   Level
 Freeze                   Ice            12%        1d4       11%         1
 Confusing Touch          Hex            24%        N/A       6%          3
 Frozen Ramparts          Ice            6%         1d2       30%         3
 Hailstorm                Conj/Ice       3%         3d3       71%         4


Dungeon Overview and Level Annotations

Branches:
Dungeon (3/15)              Sewer (1/1)

Altars:


Innate Abilities, Weirdness & Mutations

You are very small and have problems with some larger weapons.
You are too small for most types of armour.
You have supernaturally acute eyesight. (SInv)
You cover ground extremely quickly. (Speed+++)


Message History

You miss the adder.
The adder is moderately wounded.
The adder bites you but does no damage.
The giant cockroach bites you but does no damage.
You miss the adder.
The adder is moderately wounded.
The adder bites you but does no damage.
The giant cockroach splashes around in the water.
You hit the adder.
The adder is severely wounded.
The adder closely misses you. The endoplasm misses you.
The giant cockroach closely misses you.
You hit the adder.
The adder is severely wounded.
The adder barely misses you. The endoplasm hits you.
* * * LOW HITPOINT WARNING * * *
The giant cockroach misses you.
You hit the adder but do no damage.
The adder is severely wounded.
The frilled lizard misses you. The adder closely misses you.
The endoplasm completely misses you.
You completely miss the adder.
The adder is severely wounded.
The giant cockroach bites you but does no damage.
The adder barely misses you. The frilled lizard barely misses you.
You hit the adder.
The adder is almost dead.
The giant cockroach closely misses you. The endoplasm freezes you.
You are frozen.
* * * LOW HITPOINT WARNING * * *
The adder misses you. The frilled lizard barely misses you.
You hit the adder.
The adder is almost dead.
The giant cockroach bites you but does no damage.
The adder bites you.
* * * LOW HITPOINT WARNING * * *
The endoplasm freezes you.
You are frozen.
You die...

#############
####≈≈≈≈≈.≈≈≈≈≈###
####≈≈≈≈≈.≈≈≈≈≈≈≈≈≈≈†
##≈.≈≈≈≈≈#########.≈.≈
##.≈≈≈≈####≈≈≈≈≈†.####≈
##≈≈≈≈###.≈≈.≈≈≈≈††...##
#≈≈.≈##≈†≈.≈#######≈.≈≈≈
##≈≈≈##l≈.≈### ###≈≈≈
#.≈≈≈#.J@.## ##≈≈
#.≈≈##≈BS## ##≈
#≈÷≈#≈≈≈l# #≈ #..≈#≈≈≈≈#
#≈ #≈≈≈#.≈.≈# #≈
#≈.≈##≈≈.# #≈
#≈≈≈≈#≈≈≈≈# #†
##.≈≈##≈≈≈≈# ##.
#≈≈≈≈##≈..≈. #≈≈


You could see an adder, an endoplasm, a giant cockroach and 2 frilled lizards.

Vanquished Creatures
  6 adders
  3 worms
  A dart slug (D:1)
  7 ball pythons
  8 endoplasms
  14 giant cockroaches
  3 goblins
  3 hobgoblins
  2 jackals (D:1)
  12 quokkas
  4 bats
  11 frilled lizards
  4 kobolds (D:1)
  3 rats
81 creatures vanquished.

Vanquished Creatures (others)
  2 plants (D:2)
  3 withered plants (D:2)
5 creatures vanquished.

Grand Total: 86 creatures vanquished

Notes
Turn   | Place    | Note
-------+----------+-------------------------------------------
     0 | D:1      | zeram the Spriggan Enchanter began the quest for the Orb.
     0 | D:1      | Reached XP level 1. HP: 9/9 MP: 5/5
   285 | D:1      | Reached skill level 5 in Stealth
   285 | D:1      | Reached XP level 2. HP: 4/13 MP: 6/6
   812 | D:1      | Reached XP level 3. HP: 13/16 MP: 8/8
   911 | D:1      | Learned a level 2 spell: Ensorcelled Hibernation
   915 | D:1      | Learned a level 3 spell: Tukima's Dance
  2044 | D:2      | Found a faded altar of an unknown god.
  2225 | D:3      | Found a glowing drain.
  2254 | D:3      | Reached XP level 4. HP: 21/21 MP: 9/9
  2255 | Sewer    | Entered a sewer
  2271 | Sewer    | Reached skill level 6 in Stealth
  3219 | Sewer    | Learned a level 3 spell: Dazzling Flash
  3240 | Sewer    | Reached XP level 5. HP: 17/24 MP: 10/10
  3606 | Sewer    | Frozen to death by an endoplasm

Illustrated notes

Levels and vault maps discovered:
D:1:      shiori_arrival_maze, layout_loops_ring, minmay_misc_feat_more_columns,
          nicolae_wormholes
D:2:      layout_rooms, shapermc_ecumenical_altar_flowoftime,
          minmay_stone_trees_small
D:3:      layout_loops_ring, gup_sewer_entry_glass, uniq_sigmund
Sewer:    sewer_frog_island_02

Skill      XL: |  1  2  3  4 |
---------------+-------------+-----
Stealth        | 5 6 |  6.4
Hexes          | 4 |  4.0
Dodging        | 3 |  3.9
Short Blades   | 2 3 |  3.1
Spellcasting   | |  2.9

Action                   |  1- 3 |  4- 6 || total
-------------------------+-------+-------++-------
Melee: Dagger            |   185 |   278 ||   463
       Punch             |     2 |     2 ||     4
  Use: Scroll            |     5 |       ||     5
       Potion            |       |     3 ||     3
 Stab: Sleeping          |    18 |     2 ||    20
       Distracted        |     1 |       ||     1
       Invisible         |       |     2 ||     2
Armor: Robe              |    19 |    61 ||    80
       Skin              |       |    13 ||    13
Dodge: Dodged            |   128 |   303 ||   431
